 Dungeon Crawl Stone Soup version 0.24-a0-170-gd8427f5 (webtiles) character file.

Game seed: 9073120335679624798

91402 Dominolapin the Destroyer (level 16, -2/96 HPs)
             Began as a Tengu Fire Elementalist on Mar 12, 2019.
             Was the Champion of Ashenzari.
             Slain by a sun demon (24 damage)
             ... summoned by an orc sorcerer
             ... on level 2 of the Orcish Mines.
             The game lasted 01:15:27 (27753 turns).

Dominolapin the Destroyer (TeFE)                   Turns: 27753, Time: 01:15:28

Health: -2/96      AC: 10    Str:  6    XL:     16   Next: 3%
Magic:  2/30       EV: 27    Int: 20    God:    Ashenzari [******]
Gold:   449        SH: 13    Dex: 15    Spells: 4/33 levels left

rFire    + + +     SeeInvis +   w - +9 trident of Integrity {flame, *Rage +Inv rF+++ rC+} (curse)
rCold    + + .     Gourm    .   h - +0 shield (curse)
rNeg     . . .     Faith    .   v - +0 troll leather armour (curse)
rPois    +         Spirit   .   H - +2 hat (curse)
rElec    +         Reflect  .   E - +0 cloak of the Valley of Death {rElec rC+ Str-5} (curse)
rCorr    .         Harm     .   i - +1 pair of gloves (curse)
MR       +....     Clarity  +   (boots unavailable)
Stlth    +++.......             c - amulet of the acrobat (curse)
HPRegen  0.66/turn              s - ring of wizardry (curse)
MPRegen  0.22/turn              m - ring of poison resistance (curse)

@: flying quickly and evasively, quick
A: beak, talons 3, able to fly
a: Stop Flying, Curse Item, Scrying, Transfer Knowledge, Renounce Religion,
Evoke Invisibility


You were on level 2 of the Orcish Mines.
You worshipped Ashenzari.
Ashenzari was exalted by your worship.
You were not hungry.

You visited 4 branches of the dungeon, and saw 24 of its levels.
You also visited: Gauntlet.

You collected 2429 gold pieces.
You spent 1980 gold pieces at shops.


Innate Abilities, Weirdness & Mutations

You have a beak for a mouth.
You have claws for feet.
You can fly continuously.


   Skills:
 + Level 9.3 Fighting
   Level 2.3 Long Blades
 - Level 10.2(14.5) Polearms
 - Level 6.0 Armour
 - Level 12.7(16.8) Dodging
 - Level 2.0(5.3) Stealth
 - Level 12.7(15.3) Shields
 - Level 9.3 Spellcasting
 + Level 12.8(16.9) Conjurations
 - Level 5.3(9.8) Summonings
 - Level 7.9(12.4) Fire Magic
 * Level 8.7(13.1) Air Magic


You had 4 spell levels left.
You knew the following spells:

 Your Spells              Type           Power        Failure   Level  Hunger
a - Fireball              Conj/Fire      ######....   1%          5    #####..
b - Conjure Flame         Conj/Fire      ######..     1%          3    None
c - Sticky Flame          Conj/Fire      ######..     1%          4    ###....
d - Summon Lightning Spi  Summ/Air       ######..     1%          4    ###....
e - Orb of Destruction    Conj           ######....   3%          7    #######
f - Conjure Ball Lightni  Conj/Air       ######....   1%          6    ######.

Your spell library contained the following spells:

 Spells                   Type           Power        Failure   Level  Hunger
 Flame Tongue             Conj/Fire      #####        1%          1    None
 Summon Small Mammal      Summ           ####         1%          1    None
 Call Imp                 Summ           #####...     1%          2    None
 Throw Flame              Conj/Fire      ######       1%          2    None
 Throw Frost              Conj/Ice       #####.       1%          2    None
 Call Canine Familiar     Summ           #####...     1%          3    None
 Dazzling Spray           Conj/Hex       #####.       1%          3    None
 Inner Flame              Hex/Fire       #####...     1%          3    None
 Recall                   Summ/Tloc      N/A          1%          3    None
 Summon Guardian Golem    Hex/Summ       ####....     1%          3    None
 Throw Icicle             Conj/Ice       #####...     1%          4    ###....
 Beastly Appendage        Tmut           ##....       3%          1    None
 Corona                   Hex            ##.....      3%          1    None
 Freeze                   Ice            ##..         3%          1    None
 Ensorcelled Hibernation  Hex/Ice        ##....       4%          2    None
 Sticks to Snakes         Tmut           ##......     4%          2    None
 Summon Ice Beast         Ice/Summ       ####....     4%          4    ###....
 Confuse                  Hex            ##......     10%         3    None
 Ozocubu's Armour         Chrm/Ice       ##......     10%         3    None
 Spider Form              Tmut/Pois      ##........   10%         3    None
 Tukima's Dance           Hex            ##......     10%         3    None
 Animate Dead             Necr           N/A          32%         4    ###....
 Ice Form                 Ice/Tmut       ##......     32%         4    ###....
 Bolt of Magma            Conj/Fire/Erth #####.....   1%          5    #####..
 Irradiate                Conj/Tmut      #####.....   3%          5    #####..
 Iskenderun's Battlesphe  Conj/Chrm      #####...     3%          5    #####..
 Venom Bolt               Conj/Pois      #####.....   3%          5    #####..
 Silence                  Hex/Air        #####.....   8%          5    #####..
 Spellforged Servitor     Conj/Summ      ######....   16%         7    #######
 Iron Shot                Conj/Erth      #####.....   17%         6    ######.
 Deflect Missiles         Chrm/Air       #####.....   34%         6    ######.
 Blade Hands              Tmut           ##........   63%         5    #####..
 Borgnjor's Vile Clutch   Necr/Erth      ##........   63%         5    #####..
 Death Channel            Necr           ##........   99%         6    ######.
 Hydra Form               Tmut           ##........   99%         6    ######.
 Simulacrum               Ice/Necr       ##........   99%         6    ######.
 Statue Form              Tmut/Erth      ##.......    99%         6    ######.
 Dragon Form              Tmut           ##........   100%        7    #######
 Tornado                  Air            ######....   100%        9    #######

Inventory:

Hand Weapons
 u - the +5 scythe "Finisher" {speed, eviscerate}
   (You found it on level 9 of the Dungeon)

   Attacks with this weapon are significantly faster.
 w - the cursed +9 trident of Integrity (weapon) {flame, *Rage +Inv rF+++ rC+}
   (You found it on level 6 of the Dungeon)

   It has been specially enchanted to burn those struck by it, causing extra
   injury to most foes and up to half again as much damage against particularly
   susceptible opponents.
   It renders you almost immune to fire.
   It protects you from cold.
   It lets you turn invisible.
   It may make you go berserk in combat.
   It has a curse placed upon it.
Armour
 h - a cursed +0 shield (worn)
 i - a cursed +1 pair of gloves (worn)
 v - a cursed +0 troll leather armour (worn)
 E - the cursed +0 cloak of the Valley of Death (worn) {rElec rC+ Str-5}
   (You found it on level 14 of the Dungeon)

   It affects your strength (-5).
   It protects you from cold.
   It insulates you from electricity.
   It has a curse placed upon it.
 H - a cursed +2 hat (worn)
 O - a +2 robe of magic resistance
Jewellery
 c - a cursed amulet of the acrobat (around neck)
 m - a cursed ring of poison resistance (right hand)
 s - a cursed ring of wizardry (left hand)
 L - an uncursed amulet of guardian spirit
 M - a +6 ring of evasion
Wands
 x - a wand of acid (25)
 B - a wand of enslavement (6)
 I - a wand of paralysis (11)
Scrolls
 a - 2 scrolls of fear
 b - 3 scrolls of amnesia
 d - 2 scrolls of magic mapping
 e - 7 scrolls of enchant weapon
 f - 5 scrolls of remove curse {@r2}
 o - 5 scrolls of fog
 t - 8 scrolls of teleportation {@r4}
 C - 4 scrolls of blinking
 K - 4 scrolls of identify {@r1}
Potions
 j - 13 potions of curing {@q1}
 k - 2 potions of berserk rage {!q}
 l - 3 potions of agility
 n - 5 potions of might
 p - 5 potions of heal wounds {@q2}
 q - 3 potions of lignification {!q}
 z - 3 potions of invisibility
 A - 2 potions of ambrosia
 D - a potion of cancellation
 G - 6 potions of haste {@q3}
 N - 2 potions of brilliance {unknown}
Miscellaneous
 g - a fan of gales
 y - a box of beasts
 F - a phial of floods (inert)
Comestibles
 r - 33 rations

Dungeon Overview and Level Annotations

Branches:
Dungeon (15/15)            Temple (1/1) D:6            Lair (6/6) D:9
  Snake (0/4) Lair:2        Slime (0/5) Lair:5          Orc (2/2) D:11
    Elf (0/3) Orc:2        Vaults (0/5) D:13         Depths (0/5) D:15
  Swamp: Lair:2-4    Shoals: Lair:2-4

Altars:
Ashenzari
Cheibriados
Dithmenos
Elyvilon
Fedhas
Gozag
Hepliaklqana
Kikubaaqudgha
Makhleb
Nemelex Xobeh
Okawaru
Qazlal
Ru
Sif Muna
Trog
Uskayaw
Vehumet
Wu Jian
Xom
Yredelemnul
Zin
The Shining One
Beogh
Jiyva

Shops:
D:13 (   Orc:1 *=   Orc:2 *!*

Annotations:
D:5 3 runed translucent doors, p0werm0de's ghost, amateur DsTm
Lair:2 exclusion: oklob plant
Lair:3 exclusion: oklob plant

##.......# {∩ , *#)))..#.∩###
#.....#.##∩,,{{{,##..#.....##
*#..4{{{o#*{ ,##)....#.∩##*
#.#.##,,** ,{##.)..#...##
*#.§{##, *{,##.).#....## .
##..{## ,,##........## * .
##.{)## ##.).###))## * ,
##.))###)..###))##*,, ,
##.3)#@..###))##*,, .
##.#3#.###.)##* ,,,,..
##.8.###).####, ,,...
####.###..###.## *...
##.#####))###...# ...
#...###.)###...#* *#..
##...#..)##..#########.
#.......).).###.#.#.#..
##^....................


You could see a sun demon and a friendly lightning spire.


Message History

The sun demon is lightly wounded.
The blast of lightning engulfs you! You resist.
* * * LOW HITPOINT WARNING * * *
The orc high priest mumbles some strange prayers to Beogh against you.
Beogh smites you!
* * * LOW HITPOINT WARNING * * *
You hear a shout!
Things that are here:
a +0 broad axe; a +0 plate armour; an orc corpse Your ball lightning explodes!
The blast of lightning engulfs the sun demon!
The sun demon resists.
The sun demon is moderately wounded.
The orc high priest invokes the aid of Beogh against you.
Beogh smites you!
* * * LOW HITPOINT WARNING * * *
Okay, then.
Casting: Conjure Ball Lightning (safe; 1% risk of failure)
Confirm with . or Enter, or press ? or * to list all spells.
Aiming: Summon Lightning Spire (safe; 1% risk of failure)
Press: ? - help, Dir - move target cursor An electric hum fills the air.
Unknown command.
You hit the sun demon.
The sun demon is heavily wounded.
Unknown command.
You puncture the sun demon!
The sun demon is severely wounded.
The sun demon hits you!!
You die...

Skill      XL: |  1  2  3  4  5  6  7  8  9 10 11 12 13 14 15 |
---------------+----------------------------------------------+-----
Conjurations   | 2 3 5 6 7 8 12 | 12.8
Spellcasting   | 3 4 5 6 8 9 |  9.3
Fire Magic     | 4 5 6 7 |  7.9
Fighting       | 2 3 5 7 9 |  9.3
Long Blades    | 2 |  2.3
Polearms       | 1 5 7 10 | 10.2
Shields        | 8 11 12 | 12.7
Armour         | 5 6 |  6.0
Dodging        | 5 8 11 12 | 12.7
Air Magic      | 2 6 8 |  8.7
Summonings     | 2 5 |  5.3
Stealth        | |  2.0

Action                   |  1- 3 |  4- 6 |  7- 9 | 10-12 | 13-15 | 16-18 || total
-------------------------+-------+-------+-------+-------+-------+-------++-------
Melee: Unarmed           |     4 |     2 |       |       |       |       ||     6
       Dagger            |     5 |       |       |       |       |       ||     5
       Kick              |     1 |     6 |    34 |    72 |   265 |       ||   378
       Flail             |       |    20 |    40 |       |       |       ||    60
       Peck              |       |     2 |    29 |    45 |   171 |     1 ||   248
       Falchion          |       |       |    48 |       |       |       ||    48
       Trident           |       |       |    84 |   337 |  1183 |     8 ||  1612
 Cast: Flame Tongue      |    42 |    54 |    32 |       |       |       ||   128
       Conjure Flame     |     1 |     1 |     3 |    13 |    13 |       ||    31
       Sticky Flame      |       |     2 |    22 |    57 |    76 |       ||   157
       Fireball          |       |       |     6 |    26 |    65 |       ||    97
       Summon Lightning  |       |       |       |       |    28 |     2 ||    30
       Orb of Destructio |       |       |       |       |    20 |       ||    20
       Conjure Ball Ligh |       |       |       |       |     6 |     2 ||     8
Invok: Curse Item        |       |     2 |     1 |     2 |     2 |       ||     7
 Abil: Fly               |       |     1 |       |       |     1 |       ||     2
       Stop Flying       |       |       |       |       |     1 |       ||     1
Evoke: Wand              |       |       |       |     3 |     3 |       ||     6
       Phial of floods   |       |       |       |       |     2 |       ||     2
  Use: Scroll            |     1 |     8 |     7 |     4 |     8 |       ||    28
       Potion            |       |       |       |     1 |     1 |       ||     2
 Stab: Sleeping          |       |       |     2 |     3 |    12 |       ||    17
       Distracted        |       |       |       |       |    14 |       ||    14
  Eat: Chunk             |     2 |     5 |    16 |    27 |    58 |       ||   108
       Ration            |       |     1 |     2 |     3 |     6 |     1 ||    13
Armor: Robe              |     9 |     4 |    23 |       |       |       ||    36
       Leather armour    |       |       |     1 |       |       |       ||     1
       Troll leather arm |       |       |       |    20 |    50 |       ||    70
Dodge: Dodged            |    14 |    30 |   153 |   174 |   469 |     3 ||   843
Block: Shield            |       |       |       |   180 |   489 |     4 ||   673
       Rpst.: Falchion   |       |       |    24 |       |       |       ||    24

Levels and vault maps discovered:
D:1:      nzn_arrival_water_spiral, layout_loops_corners,
          hangedman_decor_growths, minivault_4
D:2:      layout_basic, chequers_ecumenical_altar_simple, first_ration,
          minmay_close_crescents, uniq_terence
D:3:      layout_basic, lemuel_round_altar, eat_drink_and_be_merry_uskayaw,
          nicolae_ru_sacrificial_ziggurat, serial_rivers,
          chequers_serial_rivers_micro_d, chequers_serial_rivers_micro_c,
          chequers_serial_rivers_small_a, chequers_serial_rivers_micro_c,
          chequers_serial_rivers_small_b, evilmike_ruin_ashenzari, uniq_sigmund
D:4:      layout_loops_ring, kennysheep_mini_moat, fedhas_altar_fruit_tree,
          uniq_grinder, uniq_blork_the_orc
D:5:      layout_rooms, gammafunk_ghost_necromancy
D:6:      layout_layer_cave, minmay_temple_entry_offerings
D:7:      layout_basic, gammafunk_temple_overflow_statue, st_stairs_14,
          the_bakery, minmay_misc_feat_more_columns
D:8:      layout_rooms, elyvilon_altar_4, tso_metal_star, cheibriados_altar_1,
          kennysheep_path_1, hex_intersection, chequers_arboretum,
          roderic_roman_lattice
D:9:      layout_gridville, dpeg_lair_monsters, hangedman_decor_push,
          minmay_guarded_unrand_finisher
D:10:     layout_long_grid, lemuel_flame_loot_1
D:11:     layout_layer_cave, orc_0_dummy, gauntlet_entry_generic,
          ebering_ghost_disaster_area, minmay_hedge_maze,
          yredelemnul_altar_generic
D:12:     layout_basic, kennysheep_potato
D:13:     layout_loops_corners, david_vaults_2, serial_shops,
          nicolae_shop_crystal
D:14:     layout_long_grid, gammafunk_ghost_cemetery, serial_bayou_pond_e,
          kb_rosetta
D:15:     hangedman_depths_entry_civil_slaughter, layout_cave_pools,
          serial_column_ruins, column_ruins_hut, column_ruins_columns_straight,
          column_ruins_grid_2, column_ruins_columns_T, column_ruins_open_small,
          column_ruins_columns_corner, column_ruins_columns_dead_end,
          nemelex_xobeh_ov_fountains_minmay, minmay_orc_keep
Temple:   minmay_temple_bridge_abc
Lair:1:   layout_cave_pods, infiniplex_staircase_pool, grunt_megastairs_2
Lair:2:   layout_chaotic_city, minmay_snake_entry_six_corridors,
          minmay_lair_oklob_chamber
Lair:3:   layout_hall_layers, palyth_hydra_swamp_entry, lemuel_oklob_altar,
          serial_bayou_shore_b
Lair:4:   layout_regular_city
Lair:5:   layout_hall_layers, slime_altar_1, serial_rivers,
          chequers_serial_rivers_large_b, chequers_serial_rivers_large_a,
          chequers_serial_rivers_small_a, chequers_serial_rivers_small_a,
          chequers_serial_rivers_micro_d, st_stairs_10
Lair:6:   gammafunk_lair_ancient_temple, layout_gridlike,
          chequers_serial_rivers_micro_c, nicolae_lair_grove_arrangements,
          minivault_23
Orc:1:    nicolae_orc_accident_2, layout_caves, serial_shops,
          nicolae_shop_overgrown_old_shop, minmay_shop_enchanted_jewellery,
          uniq_maurice, uniq_sonja
Orc:2:    pf_orc_diabolical, layout_caves, basic_altar, nicolae_alphabet_shops,
          uniq_donald
Gauntlet: minmay_gauntlet_mixed_big_or_small [gammafunk_gauntlet_arena_spirals,
          minmay_gauntlet_arena_77_mirror, gammafunk_gauntlet_arena_chambers,
          minmay_gauntlet_arena_77_path, gammafunk_gauntlet_arena_mazey,
          minmay_gauntlet_arena_77_p_blocks,
          nicolae_gauntlet_exit_dead_adventurers]

Notes
Turn   | Place    | Note
-------+----------+-------------------------------------------
     0 | D:1      | Dominolapin the Tengu Fire Elementalist began the quest for
                  | the Orb.
     0 | D:1      | Reached XP level 1. HP: 10/10 MP: 4/4
   245 | D:1      | Reached XP level 2. HP: 15/15 MP: 4/6
   248 | D:1      | Reached skill level 2 in Conjurations
  1305 | D:2      | Noticed Terence
  1555 | D:2      | Reached XP level 3. HP: 19/19 MP: 3/7
  1565 | D:2      | Learned a level 3 spell: Conjure Flame
  1741 | D:2      | Noticed an ogre
  1767 | D:2      | Killed an ogre
  1767 | D:2      | Reached skill level 3 in Spellcasting
  1767 | D:2      | Reached skill level 3 in Conjurations
  1767 | D:2      | Reached skill level 4 in Fire Magic
  1767 | D:2      | Reached XP level 4. HP: 24/24 MP: 0/9
  2048 | D:2      | Gained mutation: You can fly continuously. [Tengu growth]
  2048 | D:2      | Reached XP level 5. HP: 27/28 MP: 6/10
  2275 | D:2      | Reached skill level 4 in Conjurations
  2287 | D:2      | Learned a level 4 spell: Sticky Flame
  2287 | D:2      | Found a faded altar of an unknown god.
  2409 | D:2      | Killed Terence
  2928 | D:3      | Noticed Sigmund
  2933 | D:3      | Killed Sigmund
  2933 | D:3      | Reached skill level 5 in Conjurations
  2933 | D:3      | Reached skill level 5 in Fire Magic
  2933 | D:3      | Reached XP level 6. HP: 31/32 MP: 4/12
  3212 | D:3      | Found a bloodstained altar of Trog.
  3232 | D:3      | Found a shattered altar of Ashenzari.
  3244 | D:3      | Became a worshipper of Ashenzari the Shackled
  3260 | D:3      | Found a hide-covered altar of Uskayaw.
  3390 | D:3      | Found a sacrificial altar of Ru.
  3815 | D:4      | Noticed a phantom
  3824 | D:4      | Killed a phantom
  3824 | D:4      | Reached skill level 4 in Spellcasting
  3824 | D:4      | Reached XP level 7. HP: 25/37 MP: 6/14
  3904 | D:4      | Reached skill level 1 in Fighting
  4077 | D:4      | Noticed Blork the orc
  4093 | D:4      | Killed Blork the orc
  4383 | D:4      | Found a hazy altar of Hepliaklqana.
  4388 | D:4      | Found a blossoming altar of Fedhas.
  4466 | D:4      | Noticed Grinder
  4474 | D:4      | Killed Grinder
  4474 | D:4      | Reached skill level 2 in Fighting
  4474 | D:4      | Reached skill level 6 in Conjurations
  4474 | D:4      | Reached skill level 6 in Fire Magic
  4763 | D:5      | Entered Level 5 of the Dungeon
  4820 | D:5      | Reached XP level 8. HP: 24/45 MP: 10/16
  4994 | D:5      | Reached * piety under Ashenzari
  5103 | D:5      | Found a runed translucent gate.
  5103 | D:5      | Found a runed translucent gate.
  5107 | D:5      | Found a runed translucent gate.
  5108 | D:5      | Noticed p0werm0de's ghost (amateur DsTm)
  5400 | D:5      | Reached skill level 3 in Fighting
  5400 | D:5      | Reached skill level 1 in Long Blades
  5416 | D:5      | Reached skill level 5 in Spellcasting
  5658 | D:6      | Reached skill level 2 in Long Blades
  5658 | D:6      | Reached skill level 7 in Conjurations
  5827 | D:6      | Found a staircase to the Ecumenical Temple.
  5846 | D:6      | Got the trident of Integrity {flame, *Rage +Inv rF+++ rC+}
  5859 | D:6      | Identified the +9 trident of Integrity {flame, *Rage +Inv
                  | rF+++ rC+} (You found it on level 6 of the Dungeon)
  5864 | Temple   | Entered the Ecumenical Temple
  6185 | D:6      | Reached skill level 1 in Polearms
  6185 | D:6      | Reached skill level 7 in Fire Magic
  6185 | D:6      | Reached XP level 9. HP: 52/52 MP: 15/18
  6192 | D:6      | Learned a level 5 spell: Fireball
  6200 | D:6      | Learned a level 4 spell: Summon Lightning Spire
  6546 | D:6      | Reached skill level 4 in Fighting
  6842 | D:7      | Reached skill level 2 in Polearms
  7077 | D:7      | Found an ancient bone altar of Kikubaaqudgha.
  7077 | D:7      | Found a sparkling altar of Nemelex Xobeh.
  7222 | D:7      | Reached skill level 3 in Polearms
  7297 | D:7      | Reached skill level 8 in Conjurations
  7513 | D:7      | Noticed an unseen horror
  7526 | D:7      | Killed an unseen horror
  7526 | D:7      | Reached skill level 4 in Polearms
  7526 | D:7      | Reached skill level 6 in Spellcasting
  7704 | D:7      | Reached ** piety under Ashenzari
  7850 | D:7      | Reached skill level 5 in Fighting
  8044 | D:8      | Found a snail-covered altar of Cheibriados.
  8053 | D:8      | Reached skill level 5 in Polearms
  8093 | D:8      | Reached XP level 10. HP: 55/59 MP: 20/20
  8137 | D:8      | Found a glowing golden altar of the Shining One.
  8409 | D:8      | Found a white marble altar of Elyvilon.
  8727 | D:9      | Noticed a death yak
  8754 | D:9      | Reached skill level 1 in Shields
  8850 | D:9      | Reached skill level 2 in Shields
  8877 | D:9      | Noticed a death yak
  8882 | D:9      | Noticed a death yak
  8888 | D:10     | Entered Level 10 of the Dungeon
  8929 | D:9      | Killed a death yak
  8929 | D:9      | Reached skill level 4 in Shields
  8969 | D:9      | Found a staircase to the Lair.
  9120 | D:9      | Killed a death yak
  9120 | D:9      | Reached skill level 6 in Shields
  9411 | D:9      | Killed a death yak
  9411 | D:9      | Reached skill level 7 in Shields
  9799 | D:9      | Reached skill level 8 in Shields
  9809 | D:9      | Reached XP level 11. HP: 63/63 MP: 18/21
  9864 | D:9      | Reached skill level 9 in Shields
 10097 | D:9      | Reached *** piety under Ashenzari
 10280 | D:9      | Noticed a two-headed ogre
 10292 | D:9      | Killed a two-headed ogre
 10292 | D:9      | Reached skill level 10 in Shields
 10414 | D:9      | Found the +5 scythe "Finisher" {speed, eviscerate}
 10819 | Lair:1   | Entered Level 1 of the Lair of Beasts
 10820 | Lair:1   | Reached skill level 1 in Armour
 11123 | Lair:1   | Reached skill level 3 in Dodging
 11740 | Lair:2   | Reached skill level 2 in Armour
 11837 | Lair:2   | HP: 2/63 [hippogriff (5)]
 12001 | Lair:2   | Reached skill level 3 in Armour
 12001 | Lair:2   | Reached skill level 4 in Dodging
 12176 | Lair:2   | Reached **** piety under Ashenzari
 12269 | Lair:2   | Reached skill level 4 in Armour
 12277 | Lair:2   | Reached skill level 5 in Dodging
 12474 | Lair:2   | Found a staircase to the Snake Pit.
 12514 | Lair:2   | Reached skill level 11 in Shields
 12762 | Lair:2   | Reached skill level 5 in Armour
 12762 | Lair:2   | Reached XP level 12. HP: 57/68 MP: 10/22
 12847 | Lair:2   | Reached skill level 6 in Dodging
 13012 | Lair:2   | Reached skill level 6 in Armour
 13103 | Lair:2   | Identified the cursed +0 long sword "Lanecs" {slice, rElec
                  | rC+}
 13459 | Lair:3   | Noticed a six-headed hydra
 13466 | Lair:3   | Killed a six-headed hydra
 13466 | Lair:3   | Reached skill level 7 in Dodging
 13646 | Lair:3   | Noticed an eight-headed hydra
 13859 | Lair:3   | Reached skill level 12 in Shields
 13892 | Lair:3   | Reached skill level 8 in Dodging
 13962 | Lair:3   | Reached skill level 6 in Polearms
 14442 | Lair:3   | Killed an eight-headed hydra
 14657 | Lair:3   | Found a bloodstained altar of Trog.
 14668 | Lair:3   | Reached skill level 7 in Polearms
 14981 | Lair:4   | Reached XP level 13. HP: 72/72 MP: 18/23
 14997 | Lair:4   | Reached skill level 9 in Dodging
 15055 | Lair:4   | Reached ***** piety under Ashenzari
 15617 | Lair:5   | Found a viscous altar of Jiyva.
 15617 | Lair:5   | Found a staircase to the Slime Pits.
 16013 | Lair:5   | Identified the cursed +1 hunting sling of the Common Good
                  | {venom, Str+3 Int+5}
 16042 | Lair:5   | Reached skill level 8 in Polearms
 16405 | Lair:5   | Reached skill level 10 in Dodging
 16523 | Lair:5   | Reached skill level 9 in Polearms
 16901 | Lair:6   | Entered Level 6 of the Lair of Beasts
 17030 | Lair:5   | Reached skill level 11 in Dodging
 17298 | Lair:6   | Reached skill level 10 in Polearms
 17548 | Lair:6   | Reached skill level 1 in Air Magic
 17555 | Lair:6   | Reached skill level 1 in Summonings
 17687 | Lair:6   | Reached skill level 2 in Air Magic
 17719 | Lair:6   | Reached skill level 2 in Summonings
 17858 | Lair:6   | Reached XP level 14. HP: 66/78 MP: 24/24
 17919 | Lair:6   | Identified the +6 morningstar "Killer Bee's Regret" {crush,
                  | +Fly}
 17919 | Lair:6   | Identified the +0 robe "Long" {+Blink Int+2}
 17939 | Lair:6   | Reached skill level 3 in Air Magic
 18068 | Lair:6   | Reached skill level 4 in Air Magic
 18124 | Lair:6   | Reached skill level 12 in Dodging
 18250 | Lair:6   | Reached skill level 5 in Air Magic
 18449 | Lair:6   | Reached skill level 6 in Air Magic
 18871 | Lair:6   | Identified the +3 buckler of Goaluig {*Slow +Fly rCorr}
 18888 | Lair:6   | Reached skill level 3 in Summonings
 19607 | Lair:6   | Identified a scroll of acquirement
 19607 | Lair:6   | Identified the cursed +1 gold dragon scales "Atoptu" {+Inv
                  | rPois rF+ rC+ Regen+ rCorr Int-2} (You acquired it on level
                  | 6 of the Lair of Beasts)
 20479 | D:11     | Found a staircase to the Orcish Mines.
 20484 | D:11     | Found a basalt altar of Yredelemnul.
 20497 | D:11     | Found a gate leading to a gauntlet.
 20508 | Gauntlet | Entered a Gauntlet
 20508 | Gauntlet | Found a transporter.
 20508 | Gauntlet | Found a transporter.
 20508 | Gauntlet | Found a transporter.
 20538 | Gauntlet | Found a transporter.
 20551 | Gauntlet | Found a transporter.
 20553 | Gauntlet | Found a transporter.
 20562 | Gauntlet | Found a transporter.
 20572 | Gauntlet | Identified the +1 helmet of Mysticism {Int+5 Stlth-}
 20581 | Gauntlet | Found a transporter.
 20598 | Gauntlet | Found a transporter.
 20599 | Gauntlet | Found a transporter.
 20599 | Gauntlet | Found a runed translucent door.
 20610 | Gauntlet | Found a transporter.
 20610 | Gauntlet | Found a transporter.
 20761 | Gauntlet | Reached skill level 4 in Summonings
 20799 | Gauntlet | Identified the amulet of the Tarantula {Harm *Drain rN+
                  | Str-5 Int+10 SInv}
 20874 | Gauntlet | Identified the +6 war axe of the Bear {venom, rElec Str+4}
 20941 | D:11     | Reached ****** piety under Ashenzari
 20951 | D:11     | Reached skill level 6 in Fighting
 21039 | D:11     | Found a large runed translucent door.
 21039 | D:11     | Found a large runed translucent door.
 21043 | D:11     | Noticed Laiders72's ghost (journeyman MiBe)
 21126 | D:11     | Killed Laiders72's ghost
 21126 | D:11     | Reached skill level 7 in Spellcasting
 21986 | D:12     | Identified a +2 robe of resistance
 22003 | D:12     | Reached skill level 5 in Summonings
 23283 | D:13     | Reached skill level 7 in Fighting
 23294 | D:13     | Found Eskyoqai's Weapon Shop.
 23426 | D:13     | Found a gate to the Vaults.
 23441 | D:13     | Reached skill level 8 in Spellcasting
 23525 | D:13     | Reached XP level 15. HP: 86/86 MP: 20/28
 23932 | D:13     | Learned a level 7 spell: Orb of Destruction
 24298 | D:14     | Reached skill level 9 in Conjurations
 24652 | D:14     | Reached skill level 8 in Fighting
 24794 | D:14     | Found a runed translucent gate.
 24794 | D:14     | Found a runed translucent gate.
 24795 | D:14     | Found a runed translucent gate.
 24796 | D:14     | Noticed melvinkitnick's ghost (journeyman DsGl)
 24796 | D:14     | Noticed Qouv's ghost (journeyman SpEn)
 24805 | D:14     | Killed Qouv's ghost
 24805 | D:14     | Reached skill level 10 in Conjurations
 24880 | D:14     | Killed melvinkitnick's ghost
 25026 | D:14     | Got the cursed cloak of the Valley of Death {rElec rC+
                  | Str-5}
 25037 | D:14     | Identified the cursed +0 cloak of the Valley of Death
                  | {rElec rC+ Str-5} (You found it on level 14 of the Dungeon)
 25179 | D:15     | Entered Level 15 of the Dungeon
 25180 | D:15     | Found a sparkling altar of Nemelex Xobeh.
 25236 | D:15     | Identified a +2 robe of the Archmagi
 25420 | D:15     | Reached skill level 11 in Conjurations
 25505 | D:15     | Reached skill level 9 in Spellcasting
 25777 | D:15     | Reached skill level 9 in Fighting
 25796 | D:15     | Reached skill level 12 in Conjurations
 26018 | Orc:1    | Entered Level 1 of the Orcish Mines
 26042 | Orc:1    | Noticed Sonja
 26047 | Orc:1    | Killed Sonja
 26465 | Orc:1    | Found Buewk's Jewellery Shoppe.
 26484 | Orc:1    | Found Etefedoxu's Assorted Antiques.
 26490 | Orc:1    | Noticed Maurice
 26494 | Orc:1    | Killed Maurice
 26496 | Orc:1    | Bought a +6 ring of evasion for 1092 gold pieces
 26544 | Orc:1    | Found a roughly hewn altar of Beogh.
 26679 | Orc:1    | Bought 2 grey potions for 63 gold pieces
 26679 | Orc:1    | Bought a papyrus book for 525 gold pieces
 26807 | Orc:2    | Entered Level 2 of the Orcish Mines
 26812 | Orc:2    | Identified the cursed -10 shield of the Cooper {Dex+3}
 26812 | Orc:2    | Noticed Donald
 26820 | Orc:2    | Killed Donald
 26820 | Orc:2    | Reached skill level 7 in Air Magic
 26899 | Orc:2    | Found Heyjaphe's Humungous Hoard.
 26903 | Orc:2    | Found a staircase to the Elven Halls.
 26923 | Orc:2    | Found a burning altar of Makhleb.
 27286 | Orc:2    | Found Nexieq's Distillery.
 27287 | Orc:2    | Found Juthroc's General Store.
 27312 | Orc:2    | Learned a level 6 spell: Conjure Ball Lightning
 27580 | Orc:2    | Bought a +2 robe of magic resistance for 300 gold pieces
 27655 | Orc:2    | Reached skill level 8 in Air Magic
 27728 | Orc:2    | Reached XP level 16. HP: 96/96 MP: 17/30
 27730 | Orc:2    | Identified a +2 robe of resistance
 27753 | Orc:2    | Slain by a sun demon

Vanquished Creatures
  Donald (Orc:2)
  The ghost of Qouv the Unseen, a journeyman SpEn of Kikubaaqudgha (D:14)
  The ghost of melvinkitnick the Fencer, a journeyman DsGl of Makhleb (D:14)
  A minotaur (Gauntlet)
  A yaktaur captain (D:13)
  The ghost of Laiders72 the Basher, a journeyman MiBe of Trog (D:11)
  5 hydras
  2 ogre magi (D:15)
  3 centaur warriors
  A merfolk avatar (Lair:6)
  8 two-headed ogres
  A tengu warrior (D:15)
  15 death yaks
  A hell hog (Gauntlet)
  3 orc high priests (Orc:2)
  Sonja (Orc:1)
  A sixfirhy (Orc:2)
  4 skeletal warriors (D:15)
  A fire crab (D:14)
  An unseen horror (D:7)
  A deep elf mage (D:15)
  3 orc knights
  8 ugly things
  An orc sorcerer (Orc:1)
  2 cyclopes
  18 elephants
  9 black mambas
  A smoke demon (Orc:2)
  Maurice (Orc:1)
  A centaur zombie (D:12)
  2 gargoyles
  13 spiny frogs
  3 rime drakes
  12 komodo dragons
  An ice devil (Gauntlet)
  A yaktaur (D:13)
  Grinder (D:4)
  6 polar bears (Lair:6)
  3 meliai (D:15)
  A wolf spider simulacrum (D:12)
  A troll (D:9)
  6 slime creatures (D:13)
  3 wind drakes (Lair:6)
  5 hornets
  8 blink frogs
  9 hippogriffs
  A shadow (D:14)
  4 wraiths
  Sigmund (D:3)
  A spriggan (D:7)
  29 yaks
  4 fire bats (Gauntlet)
  A ynoxinul (Orc:2)
  3 basilisks
  2 wyverns
  A hog (shapeshifter) (D:14)
  A hungry ghost (D:15)
  A vampire mosquito (D:14)
  A warg (Orc:1)
  A soldier ant (D:13)
  3 swamp worms (Lair:3)
  An acid dragon (D:14)
  2 hell hounds (Gauntlet)
  17 water moccasins
  3 porcupines
  30 orc warriors
  A black bear (D:12)
  3 ice beasts
  5 sky beasts
  5 ogres
  3 eyes of draining
  5 phantoms
  4 centaurs
  Blork the orc (D:4)
  A big kobold (D:9)
  15 crocodiles
  12 bullfrogs
  A wyvern skeleton (D:11)
  4 scorpions
  8 killer bees (D:9)
  4 howler monkeys
  4 wights (D:12)
  An electric eel (Lair:1)
  8 crimson imps
  2 bullfrog zombies
  5 hounds
  2 jellies
  17 orc priests
  3 centaur skeletons
  6 worker ants
  Terence (D:2)
  5 iguanas
  15 orc wizards
  A worker ant zombie (D:6)
  3 river rats (D:9)
  16 adders
  3 gnolls (D:2)
  4 shadow imps
  2 white imps (Gauntlet)
  An adder skeleton (D:6)
  An adder zombie (D:6)
  3 worms
  3 leopard geckos
  51 orcs
  2 ball pythons (Lair:2)
  7 bats
  6 giant cockroaches
  3 goblins
  6 hobgoblins
  8 kobolds
  8 quokkas
  6 frilled lizards
  2 leopard gecko skeletons
  6 rats
563 creatures vanquished.

Vanquished Creatures (collateral kills)
  A death yak (Lair:6)
  An orc high priest (Orc:2)
  A deep troll (D:15)
  A manticore (Lair:6)
  An orc sorcerer (Orc:2)
  2 orc knights (Orc:2)
  5 ugly things
  A spiny frog (Lair:6)
  A yaktaur (D:13)
  An efreet (D:15)
  A red devil (Orc:2)
  6 yaks
  A wraith (D:15)
  3 orc warriors
  2 ogres
  A big kobold (D:12)
  A scorpion (D:14)
  A howler monkey (D:13)
  A jelly (D:15)
  4 orc priests
  8 orcs (Orc:2)
  A rat (D:9)
45 creatures vanquished.

Vanquished Creatures (others)
  14 ball lightnings (Orc:2)
  A sky beast (D:10)
  A bullfrog (D:10)
  A worker ant zombie (D:10)
  A bush (Lair:2)
  A demonic plant (Gauntlet)
  16 fungi
  18 plants
53 creatures vanquished.

Grand Total: 661 creatures vanquished
